 Dungeon Crawl Stone Soup version 0.22.1-5-g62c59d919a (webtiles) character file.

7145 Jerry the Basher (level 10, 0/83 HPs)
             Began as a Demonspawn Fighter on Jan 11, 2019.
             Was an Initiate of Gozag.
             Slain by a hornet (5 damage)
             ... on level 9 of the Dungeon.
             The game lasted 00:27:19 (12796 turns).

Jerry the Basher (Demonspawn Fighter)              Turns: 12796, Time: 00:27:19

Health: 0/83       AC: 11    Str: 20    XL:     10   Next: 85%
Magic:  0/10       EV: 11    Int:  9    God:    Gozag
Gold:   1216       SH:  0    Dex: 13    Spells: 9/9 levels left

rFire    + . .     SeeInvis +   D - +5 mace (curse)
rCold    + . .     Gourm    .   (no shield)
rNeg     + . .     Faith    .   b - +0 scale mail
rPois    .         Spirit   +   (helmet unavailable)
rElec    .         Reflect  .   z - scarf {rC+ rF+}
rCorr    .         Harm     .   (no gloves)
MR       .....                  (no boots)
Stlth    ..........             (no amulet)
HPRegen  0.23/turn              q - ring of positive energy
MPRegen  0.12/turn              w - +2 ring of evasion

@: lethally poisoned (0 -> -5), slowed, very slow
A: antennae 3, slimy green scales 2, foul stench 1, magic shield, rot immunity
a: Potion Petition, Call Merchant, Bribe Branch, Renounce Religion


You were on level 9 of the Dungeon.
You worshipped Gozag.
Gozag was most pleased with you.
You were not hungry.

You visited 2 branches of the dungeon, and saw 10 of its levels.

You collected 1283 gold pieces.
You paid 67 gold pieces to Gozag.

Inventory:

Hand Weapons
 a - a +0 flail
 D - a cursed +5 mace (weapon)
 H - a +1 flail of crushing
Armour
 b - a +0 scale mail (worn)
 c - a +0 shield
 m - a +2 cloak
 z - a scarf of resistance (worn)
Jewellery
 q - a ring of positive energy (left hand)
 w - a +2 ring of evasion (right hand)
 C - an uncursed amulet of guardian spirit {unknown}
 J - an uncursed ring of protection from cold {unknown}
Wands
 u - a wand of flame (12)
 G - a wand of digging (1)
Scrolls
 e - 3 scrolls of teleportation {unknown}
 h - 2 scrolls of immolation {unknown}
 i - 15 scrolls of identify {unknown}
 j - 8 scrolls of remove curse {unknown}
 k - 3 scrolls of fear {unknown}
 o - 2 scrolls of blinking {unknown}
 r - 2 scrolls of enchant armour {unknown}
 v - a scroll of vulnerability {unknown}
 y - a scroll of noise {unknown}
 A - a scroll of fog {unknown}
 B - a scroll of amnesia {unknown}
 E - a scroll of random uselessness {unknown}
 K - a scroll of acquirement {unknown}
Potions
 d - 3 potions of might
 g - 3 potions of curing
 l - a potion of haste {unknown}
 n - 2 potions of agility {unknown}
 p - a potion of heal wounds {unknown}
 s - 2 potions of brilliance {unknown}
 t - a potion of flight {unknown}
 x - a potion of magic {unknown}
 F - a potion of cancellation {unknown}
 I - a potion of degeneration {unknown}
Comestibles
 f - 17 rations


   Skills:
 + Level 9.0 Fighting
 * Level 11.0 Maces & Flails
 + Level 8.2 Armour
 - Level 2.6 Shields


You had 9 spell levels left.
You didn't know any spells.
Your spell library was empty.

Dungeon Overview and Level Annotations

Branches:
Dungeon (9/15)             Temple (1/1) D:6            Lair (0/6) D:9
    Orc: D:9-12

Altars:
Ashenzari
Cheibriados
Dithmenos
Elyvilon
Fedhas
Gozag
Hepliaklqana
Kikubaaqudgha
Makhleb
Nemelex Xobeh
Okawaru
Qazlal
Ru
Sif Muna
Trog
Uskayaw
Vehumet
Wu Jian
Xom
Yredelemnul
Zin
The Shining One

Shops:
D:7 [

Annotations:
D:9 Gastronok


Innate Abilities, Weirdness & Mutations

You have a pair of large antennae on your head. (SInv)
You are mostly covered in slimy green scales. (AC +3)
You may emit foul miasma when damaged in melee.
When hurt, damage is shared between your health and your magic reserves.
You are immune to rotting.


Message History

The hornet barely misses you. The hornet stings you!
* * * LOW HITPOINT WARNING * * *
You are poisoned.
You feel as though you will be slow longer.
You sock Gastronok!
Gastronok is severely wounded.
You feel sick. The hornet stings you!
* * * LOW HITPOINT WARNING * * *
You feel as though you will be slow longer.
The hornet looks sick.
Gastronok bites you.
* * * LOW HITPOINT WARNING * * *
The hornet stings you!
* * * LOW HITPOINT WARNING * * *
You feel as though you will be slow longer.
You sock Gastronok!
Gastronok is severely wounded.
* * * LOW HITPOINT WARNING * * *
You feel sick. The hornet stings you.
You die...
Your body crumbles into a pile of gold.

####...>.....#
........%....## $
.............. ..........#
... [........# .. #....%.#
...# #.w.y..# # ###...###
#.#@#..# ###.......
##.#.#..# ....#...#
#.......# P.#.##.#
#..#.#..# P.<....# #
#.......####.#
....##.##.###.............
....)......<..###.#.###...
....##.##.......#.#.#
♣...##.##.##........#


You could see Gastronok and a hornet.

Vanquished Creatures
  A two-headed ogre (D:8)
  Joseph (D:8)
  Psyche (D:8)
  3 yaks (D:8)
  Grum (D:8)
  2 hungry ghosts
  4 porcupines
  A phantom (D:7)
  2 orc warriors
  A black bear (D:8)
  2 ice beasts
  2 necrophages (D:8)
  3 ogres
  3 wolves (D:8)
  6 centaurs
  5 crocodiles (D:8)
  2 big kobolds (D:4)
  3 bullfrogs
  6 scorpions
  A water moccasin skeleton (D:5)
  6 killer bees (D:9)
  9 wights
  A howler monkey (D:4)
  3 crimson imps (D:6)
  A bullfrog zombie (D:7)
  A quasit (D:7)
  4 jellies
  4 hounds
  4 orc wizards
  8 orc priests
  2 centaur skeletons (D:5)
  4 iguanas
  4 worker ants
  A hound skeleton (D:7)
  8 gnolls
  7 adders
  2 adder skeletons
  A worm (D:2)
  6 leopard geckos
  17 orcs
  4 bats
  6 giant cockroaches
  6 hobgoblins
  12 jackals
  3 quokkas
  A ball python (D:2)
  4 frilled lizards
  9 goblins
  A jackal skeleton (D:7)
  17 kobolds
  A leopard gecko zombie (D:8)
  A quokka skeleton (D:7)
  6 rats
214 creatures vanquished.

Notes
Turn   | Place    | Note
-------+----------+-------------------------------------------
     0 | D:1      | Jerry the Demonspawn Fighter began the quest for the Orb.
     0 | D:1      | Reached XP level 1. HP: 18/18 MP: 1/1
   130 | D:1      | Reached skill level 2 in Maces & Flails
   221 | D:1      | Gained mutation: You have a pair of small antennae on your
                  | head. [demonic ancestry]
   221 | D:1      | Reached XP level 2. HP: 22/24 MP: 2/2
  1237 | D:2      | Gained mutation: You have a pair of antennae on your head.
                  | [demonic ancestry]
  1237 | D:2      | Reached XP level 3. HP: 15/29 MP: 3/3
  2043 | D:3      | Reached skill level 3 in Maces & Flails
  2334 | D:3      | Gained mutation: You are immune to rotting. [demonic
                  | ancestry]
  2334 | D:3      | Reached XP level 4. HP: 35/35 MP: 4/4
  2945 | D:3      | Gained mutation: You may emit foul miasma when damaged in
                  | melee. [demonic ancestry]
  2945 | D:3      | Reached XP level 5. HP: 26/42 MP: 5/5
  3326 | D:4      | Reached skill level 4 in Maces & Flails
  3692 | D:4      | Gained mutation: When hurt, damage is shared between your
                  | health and your magic reserves. [demonic ancestry]
  3692 | D:4      | Reached XP level 6. HP: 26/48 MP: 6/6
  4497 | D:4      | Reached skill level 5 in Maces & Flails
  4747 | D:4      | Gained mutation: You are partially covered in slimy green
                  | scales. (AC +2) [demonic ancestry]
  4747 | D:4      | Reached XP level 7. HP: 43/55 MP: 5/7
  5429 | D:5      | Entered Level 5 of the Dungeon
  5567 | D:5      | Found a radiant altar of Vehumet.
  5755 | D:5      | Reached skill level 5 in Fighting
  6489 | D:5      | Reached skill level 6 in Maces & Flails
  6721 | D:5      | Reached skill level 5 in Armour
  6721 | D:5      | Reached XP level 8. HP: 24/63 MP: 4/8
  7342 | D:6      | Found a staircase to the Ecumenical Temple.
  7352 | Temple   | Entered the Ecumenical Temple
  7520 | Temple   | Became a worshipper of Gozag Ym Sagoz the Greedy
  7650 | D:6      | Reached skill level 7 in Maces & Flails
  7880 | D:6      | Found a burning altar of Makhleb.
  8351 | D:7      | Found Xot Woum's Armour Shoppe.
  8894 | D:7      | Gained mutation: You are mostly covered in slimy green
                  | scales. (AC +3) [demonic ancestry]
  8894 | D:7      | Reached XP level 9. HP: 44/71 MP: 4/9
  9128 | D:7      | Reached skill level 8 in Maces & Flails
  9743 | D:8      | Noticed Psyche
  9752 | D:8      | Killed Psyche
  9941 | D:8      | Reached skill level 9 in Maces & Flails
 10091 | D:8      | Noticed Joseph
 10107 | D:8      | Killed Joseph
 10200 | D:8      | Noticed Grum
 10471 | D:8      | Killed Grum
 10498 | D:8      | Gained mutation: You have a pair of large antennae on your
                  | head. (SInv) [demonic ancestry]
 10498 | D:8      | Reached XP level 10. HP: 65/80 MP: 7/10
 11459 | D:9      | Found a staircase to the Lair.
 11477 | D:8      | Reached skill level 10 in Maces & Flails
 11858 | D:9      | Noticed a two-headed ogre
 12066 | D:8      | HP: 1/82 [two-headed ogre/giant club (7)]
 12068 | D:8      | Killed a two-headed ogre
 12766 | D:9      | Reached skill level 11 in Maces & Flails
 12775 | D:9      | Noticed Gastronok
 12796 | D:9      | Slain by a hornet

Skill      XL: |  1  2  3  4  5  6  7  8  9 10 |
---------------+-------------------------------+-----
Maces & Flails | 2 3 4 5 6 7 9 11 | 11.0
Armour         | 3 4 5 6 7 8 |  8.2
Fighting       | 4 5 6 7 9 |  9.0
Shields        | |  2.6

Action                   |  1- 3 |  4- 6 |  7- 9 | 10-12 || total
-------------------------+-------+-------+-------+-------++-------
Melee: Flail             |   151 |   190 |   386 |       ||   727
       Mace              |       |       |    86 |   224 ||   310
  Use: Potion            |       |       |     1 |     2 ||     3
 Stab: Distracted        |       |       |     1 |     2 ||     3
  Eat: Chunk             |     5 |     5 |     8 |       ||    18
       Ration            |       |     1 |     3 |     4 ||     8
Armor: Scale mail        |    91 |   117 |   260 |    73 ||   541
Dodge: Dodged            |   104 |   100 |   317 |    99 ||   620
